 Dungeon Crawl Stone Soup version 0.30-a0-170-g85af917532 (webtiles) character file.

Game seed: 16746237144771968700

51 qw the Shield-Bearer (level 3, 0/23 HPs)
             Began as a Gargoyle Fighter on Sept 30, 2022.
             Slain by Robin
             ... wielding a +0 falchion
              (3 damage)
             ... on level 3 of the Dungeon.
             The game lasted 00:00:36 (1896 turns).

qw the Shield-Bearer (Gargoyle Fighter)             Turns: 1896, Time: 00:00:37

Health: 0/23       AC: 10    Str: 21    XL:     3   Next: 83%
Magic:  3/3        EV:  5    Int:  8    God:
Gold:   158        SH: 16    Dex:  9    Spells: 2/2 levels left

rFire   . . .      SeeInvis .    Y - +0 war axe
rCold   . . .      Faith    .    j - +0 tower shield
rNeg    + . .      Spirit   .    b - +0 scale mail
rPois   inf        Reflect  +    (no helmet)
rElec   +          Harm     .    (no cloak)
rCorr   .          Rampage  .    (no gloves)
Will    .....                    (no boots)
Stlth   ..........               h - amulet of reflection
HPRegen 0.07/turn                (no ring)
MPRegen 0.08/turn                (no ring)

@: no status effects
A: sickness immunity, AC +3, negative energy resistance 1, electricity
resistance, torment resistance 1, petrification resistance
a: no special abilities


You were on level 3 of the Dungeon.
You visited 1 branch of the dungeon, and saw 3 of its levels.

You collected 158 gold pieces.


Innate Abilities, Weirdness & Mutations

You are immune to sickness and miasma.
Your stone body is resilient. (AC +3)
You are immune to poison.
You resist negative energy. (rN+)
You are resistant to electric shocks. (rElec)
You are resistant to unholy torment.
You are immune to petrification.


   Skills:
 - Level 3.2 Fighting
 - Level 3.3 Axes
 - Level 3.2 Armour
 + Level 3.8 Shields


You had 2 spell levels left.
You didn't know any spells.
Your spell library was empty.

Inventory:

Hand Weapons
 f - a +0 club
 Y - a +0 war axe (weapon)
Armour
 b - a +0 scale mail (worn)
 j - a +0 tower shield (worn)
Jewellery
 h - an amulet of reflection (around neck)
Scrolls
 a - a scroll of identify
 c - a scroll of immolation {unknown}
 l - a scroll of amnesia {unknown}
Potions
 d - a potion of might
 e - a potion of attraction
 g - a potion of haste {unknown}
 i - a potion of magic {unknown}
 k - a potion of brilliance {unknown}

Dungeon Overview and Level Annotations

Branches:
Dungeon (3/15)

Altars:

Annotations:
D:1 1 transporter
D:3 Robin


Message History

The goblins go into a battle-frenzy!
The goblin unwields a +0 sling.
The goblin wields a +0 club.
You block the goblin's attack.
You closely miss the goblin. The goblin hits you but does no damage.
Robin throws the goblin at you! The goblin hits you with a +0 club.
You barely miss Robin. You miss the goblin. Robin throws the goblin at you!
You block the goblin's attack. x2
Robin hits you with a +0 falchion.
A goblin comes into view. It is wielding a +0 club.
The goblin hits you with a +0 club.
A goblin comes into view. It is wielding a +0 club.
You block the goblin's attack.
The goblin shouts!
You hit Robin.
Robin is moderately wounded.
You hit the goblin. You slash the goblin!
You kill the goblin!
Robin says, "Duck!"
Robin roars a battlecry!
The goblins go into a battle-frenzy!
You block the goblin's attack. The goblin hits you but does no damage.
Robin hits you with a +0 falchion.
You hit the goblin.
You kill the goblin!
You hit Robin. You block Robin's attack.
You barely miss Robin.
Robin is heavily wounded.
Robin throws the goblin at you! You block the goblin's attack.
The goblin hits you with a +0 club. The goblin hits you but does no damage.
Robin throws the goblin at you!
You hit Robin but do no damage.
Robin is heavily wounded.
You hit the goblin.
You kill the goblin!
You barely miss the goblin. Robin hits you but does no damage.
The goblin hits you with a +0 club. The goblin hits you but does no damage.
Robin hits you with a +0 falchion.
You die...

# #. ### .# .#.# ... .#
....###.##.#####
.............#.#
....$..<.......
#...)g..#.#
#.#..)@<....#
#.#.#g#)....# ##
#.#.####....# ....
#.#.........#
....######.#......####
..........#..........
#....................
#.....................
#.......################


You could see Robin and a goblin (strong).

Vanquished Creatures
  An adder (D:3)
  A dart slug (D:1)
  3 ball pythons
  4 endoplasms
  2 giant cockroaches (D:1)
  6 goblins
  4 hobgoblins
  4 kobolds
  2 quokkas (D:2)
  4 bats
  2 frilled lizards
  2 rats
35 creatures vanquished.

Notes
Turn   | Place    | Note
-------+----------+-------------------------------------------
     0 | D:1      | qw the Gargoyle Fighter began the quest for the Orb.
     0 | D:1      | Reached XP level 1. HP: 14/14 MP: 1/1
     0 | D:1      | 0 ||| qw: Version: 0.2-a-12-gaebbb33
     0 | D:1      | 0 ||| qw: Game counter: 1520
     0 | D:1      | 0 ||| qw: Always use a shield: true
     0 | D:1      | 0 ||| qw: God list: Okawaru
     0 | D:1      | 0 ||| qw: Allow faded altars: false
     0 | D:1      | 0 ||| qw: Do Orc after D:15 true
     0 | D:1      | 0 ||| qw: Do second Lair branch before Depths: true
     0 | D:1      | 0 ||| qw: Lair rune preference: random
     0 | D:1      | 0 ||| qw: Plans: Normal, Zot:1-4, God:TSO, Crypt, Tomb,
                  | Pan, Slime:5, Hells, Abyss, Orb
     0 | D:1      | 0 ||| PLANNING D:1-11
   264 | D:1      | Reached XP level 2. HP: 19/19 MP: 2/2
   276 | D:1      | 276 ||| Stepping ~*~*~tactically~*~*~ (stealth).
   633 | D:1      | 633 ||| Stepping ~*~*~tactically~*~*~ (stealth).
   646 | D:1      | Found a faded altar of an unknown god.
   650 | D:1      | 650 ||| Stepping ~*~*~tactically~*~*~ (stealth).
   660 | D:1      | 660 ||| Stepping ~*~*~tactically~*~*~ (stealth).
   663 | D:1      | 663 ||| Stepping ~*~*~tactically~*~*~ (stealth).
   669 | D:1      | 669 ||| Stepping ~*~*~tactically~*~*~ (stealth).
   749 | D:1      | 749 ||| Stepping ~*~*~tactically~*~*~ (stealth).
   886 | D:1      | Reached skill level 3 in Axes
   963 | D:1      | 963 ||| UPGRADING to amulet of reflection.
   968 | D:1      | 968 ||| READING scroll labelled FULEINGETE.
   969 | D:1      | 969 ||| READING scroll labelled XUG IWEWNUD.
  1019 | D:2      | Reached XP level 3. HP: 23/23 MP: 3/3
  1158 | D:2      | 1158 ||| Stepping ~*~*~tactically~*~*~ (stealth).
  1159 | D:2      | 1159 ||| Stepping ~*~*~tactically~*~*~ (stealth).
  1160 | D:2      | 1160 ||| Stepping ~*~*~tactically~*~*~ (stealth).
  1161 | D:2      | 1161 ||| Stepping ~*~*~tactically~*~*~ (stealth).
  1205 | D:2      | 1205 ||| Stepping ~*~*~tactically~*~*~ (stealth).
  1206 | D:2      | 1206 ||| Stepping ~*~*~tactically~*~*~ (stealth).
  1573 | D:2      | 1573 ||| UPGRADING to +0 tower shield.
  1583 | D:2      | 1583 ||| DROPPING +0 buckler.
  1584 | D:2      | 1584 ||| READING 2 scrolls of identify.
  1584 | D:2      | 1584 ||| IDENTIFYING puce potion
  1612 | D:3      | 1612 ||| PLANNING SEWER
  1885 | D:3      | Noticed Robin
  1886 | D:3      | 1886 ||| Stepping ~*~*~tactically~*~*~ (hiding).
  1896 | D:3      | HP: 3/23 [goblin/+0 club[Robin] (3)]
  1896 | D:3      | Slain by Robin

Levels and vault maps discovered:
D:1:      spicycebolla_arrival_risky_transporter, layout_loops_ring,
          hellmonk_ecumenical_altar_pennies_from_heaven
D:2:      layout_basic
D:3:      layout_basic, portal_sewer_entry_c, st_stairs_6, uniq_robin

Skill      XL: |  1  2 |
---------------+-------+-----
Axes           | 2 3 |  3.3
Fighting       | |  3.2
Armour         | |  3.2
Shields        | |  3.8

Action                   || total
-------------------------++-------
Melee: War axe           ||   116
  Use: Scroll            ||     3
Armor: Scale mail        ||    61
Dodge: Dodged            ||    37
Block: Buckler           ||    29
       Tower shield      ||    19
       Reflection        ||     5

Table legend:
 A = Non-vault XP
 B = Vault XP
 C = Vault XP percentage of total XP
 D = Non-vault monster count
 E = Vault monster count
 F = Vault count percentage of total count
                 A         B        C        D         E       F
            +---------+---------+-------+---------+---------+-------
      Total |      66 |      10 |  13.2 |      30 |       5 |  14.3
            +---------+---------+-------+---------+---------+-------
        D:1 |      32 |       0 |   0.0 |      17 |       0 |   0.0
        D:2 |      16 |       0 |   0.0 |       9 |       0 |   0.0
        D:3 |      18 |      10 |  35.7 |       4 |       5 |  55.6
            +---------+---------+-------+---------+---------+-------
